 Dungeon Crawl Stone Soup version 0.17.0-28-g6e173f8 (webtiles) character file.

4023 R18 the Spear-Bearer (level 10, 0/65 HPs)
             Began as a Formicid Artificer on Nov 29, 2015.
             Was a Believer of Ru.
             Slain by a troll (3 damage)
             ... on level 9 of the Dungeon.
             The game lasted 00:29:03 (11347 turns).

R18 the Spear-Bearer (Formicid Artificer)          Turns: 11347, Time: 00:29:03

Health: 0/65       AC: 16    Str: 17    XL:     10   Next: 47%
Magic:  12/12      EV:  6    Int: 13    God:    Ru [**....]
Gold:   560        SH:  6    Dex: 12    Spells: 0 memorised, 9 levels left

rFire  . . .     SeeInvis +     a - +0 trident (pierce)
rCold  . . .     Clarity  +     t - +0 plate armour
rNeg   . . .     SustAt   +     x - +1 buckler
rPois  .         Gourm    .     (helmet unavailable)
rElec  .         Spirit   .     v - +0 cloak
rCorr  .         Warding  .     (no gloves)
rMut   .         Stasis   +     (no boots)
MR     +....                    E - amulet of clarity
Stlth  ..........               (no ring)
                                H - ring of sustain attributes

@: somewhat resistant to hostile enchantments, extremely unstealthy
A: permanent stasis, dig shafts and tunnels, four strong arms, antennae 3,
inability to train dodging, inexperienced 1
a: Dig, Shaft Self, Renounce Religion


You were on level 9 of the Dungeon.
You worshipped Ru.
Ru was pleased with you.
You were not hungry.

You visited 2 branches of the dungeon, and saw 10 of its levels.

You collected 605 gold pieces.
You spent 45 gold pieces at shops.

Inventory:

Hand Weapons
 a - a +0 trident of piercing (weapon)
 b - a +0 arbalest
 h - a +3 quarterstaff of chaos
 i - a +1 whip
 m - a +0 short sword
 s - a -2 scythe
 D - a +2 trident
Missiles
 j - 66 poisoned needles
 k - 20 tomahawks (quivered)
 F - 7 curare-tipped needles
 I - 41 bolts
Armour
 n - a +0 ring mail
 t - a +0 plate armour (worn)
 v - a +0 cloak (worn)
 w - a +0 leather armour
 x - a +1 buckler (worn)
Jewellery
 E - an amulet of clarity (around neck)
 H - a ring of sustain attributes (left hand)
Wands
 c - a wand of flame (8)
 d - a wand of enslavement (5)
 e - a wand of random effects (0)
 z - a wand of random effects (18)
 M - a wand of confusion (8)
 N - a wand of disintegration (7)
Scrolls
 q - 4 scrolls of enchant weapon
 y - a scroll of amnesia
 C - 4 scrolls of remove curse
 G - 3 scrolls of magic mapping
Potions
 g - 6 potions of curing
 l - a potion of lignification
 p - a potion of flight
 r - 2 potions of haste
 A - 2 potions of heal wounds
 K - a potion of cure mutation
Comestibles
 f - 6 bread rations
 o - a meat ration
 J - 6 beef jerkies
 L - a royal jelly


   Skills:
 - Level 1.1 Fighting
 - Level 1.0 Short Blades
 + Level 10.6 Polearms
 * Level 10.2 Armour
 - Level 1.2 Stealth
 - Level 5.6 Shields
 - Level 3.2 Evocations


You had 9 spell levels left.
You didn't know any spells.

Dungeon Overview and Level Annotations

Branches:
Dungeon (9/15)             Temple (1/1) D:4             Orc (0/4) D:9
   Lair: D:8-11

Altars:
Ashenzari
Cheibriados
Dithmenos
Elyvilon
Fedhas
Gozag
Kikubaaqudgha
Makhleb
Nemelex Xobeh
Okawaru
Qazlal
Ru
Sif Muna
Trog
Vehumet
Xom
Yredelemnul
Zin
The Shining One

Shops:
D:5 [   D:9 ?


Innate Abilities, Weirdness & Mutations

You are under a permanent stasis effect.
You can dig through walls and to a lower floor.
Your four strong arms can wield two-handed weapons with a shield.
You have a pair of large antennae on your head (SInv).
You cannot train Dodging skill.
You are somewhat inexperienced (-2 XL).


Message History

The troll bites you.
* * * LOW HITPOINT WARNING * * *
The troll barely misses you. The troll completely misses you.
Unknown command.
You closely miss the troll.
The troll is severely wounded.
Unknown command.
You hit the troll.
The troll is almost dead.
The troll bites you.
* * * LOW HITPOINT WARNING * * *
The troll claws you.
* * * LOW HITPOINT WARNING * * *
You block the troll's attack.
You barely miss the troll.
The troll is almost dead.
The troll bites you but does no damage. The troll claws you.
* * * LOW HITPOINT WARNING * * *
The troll claws you.
You die...

#.###.....(.....#
##.###...........#{
#..#.........[...#
...####รท##.###........##
........##.# ##.......#
## ...........##
######### #.
...#######..# ## ..
##.######## #.@T......
##...!....
##################
.......). ...>.....
#######.# ##.....#
#..##### .C ###.######


You could see a troll.

Vanquished Creatures
  A kobold demonologist (D:9)
  A troll (D:9)
  Sigmund (D:4)
  Eustachio (D:4)
  A hungry ghost (D:7)
  A hippogriff (D:9)
  An ice beast (D:7)
  3 orc warriors
  A killer bee (D:7)
  5 sky beasts
  A black bear (D:8)
  A necrophage (D:9)
  A centaur (D:9)
  4 phantoms
  4 ogres
  A big kobold (D:6)
  3 giant frogs
  A wyvern skeleton (D:9)
  3 scorpions
  3 wights (D:8)
  A quasit (D:7)
  5 crimson imps (D:8)
  2 jellies
  A centaur zombie (D:5)
  3 giant frog zombies
  2 hounds (D:8)
  Crazy Yiuf (D:6)
  4 orc priests
  A worker ant (D:4)
  A giant frog skeleton (D:7)
  3 orc wizards
  2 iguanas
  A hound zombie (D:5)
  A hound skeleton (D:5)
  2 worker ant zombies
  4 gnolls
  Natasha (twice) (D:4 D:6)
  7 adders
  2 shadow imps
  An adder skeleton (D:4)
  2 adder zombies
  5 worms
  5 giant geckos
  34 orcs
  6 giant cockroaches
  6 goblins
  13 hobgoblins
  22 jackals
  4 quokkas
  2 ball pythons (D:4)
  7 bats
  6 giant newts
  16 kobolds
  A quokka skeleton (D:8)
  13 rats
  2 fungi (D:6)
228 creatures vanquished.

Vanquished Creatures (collateral kills)
  A necrophage (D:9)
  A killer bee (D:7)
  2 orc wizards (D:7)
  A worker ant (D:9)
  4 orcs
  A hobgoblin (D:7)
  A kobold (D:7)
11 creatures vanquished.

Vanquished Creatures (others)
  An orc warrior (D:7)
  A killer bee (D:7)
  An ogre (D:9)
  Natasha (D:4)
  4 orcs (D:3)
8 creatures vanquished.

Grand Total: 247 creatures vanquished

Notes
Turn   | Place    | Note
--------------------------------------------------------------
     0 | D:1      | R18 the Formicid Artificer began the quest for the Orb.
     0 | D:1      | Reached XP level 1. HP: 15/15 MP: 3/3
   119 | D:1      | Reached skill level 1 in Armour
   313 | D:1      | Reached XP level 2. HP: 21/21 MP: 4/4
   768 | D:1      | Reached XP level 3. HP: 26/26 MP: 5/5
  1577 | D:2      | Reached XP level 4. HP: 32/32 MP: 6/6
  1842 | D:2      | Reached skill level 4 in Armour
  2675 | D:3      | Reached XP level 5. HP: 35/37 MP: 7/7
  2705 | D:3      | Reached skill level 5 in Armour
  2903 | D:3      | Reached skill level 1 in Polearms
  3276 | D:3      | Reached XP level 6. HP: 26/43 MP: 8/8
  4054 | D:4      | Found a staircase to the Ecumenical Temple.
  4060 | D:4      | Noticed Eustachio
  4539 | Temple   | Entered the Ecumenical Temple
  4577 | Temple   | Became a worshipper of Ru the Awakened
  4696 | D:4      | Found a bloodstained altar of Trog.
  4932 | D:4      | Noticed Natasha
  4933 | D:4      | Noticed Sigmund
  4946 | D:4      | Natasha (ally) was killed
  4970 | D:4      | Killed Sigmund
  4970 | D:4      | Reached skill level 6 in Armour
  4970 | D:4      | Reached XP level 7. HP: 41/48 MP: 9/9
  4972 | D:4      | Noticed Natasha
  4984 | D:4      | Killed Natasha
  5141 | D:4      | Killed Eustachio
  5331 | D:5      | Entered Level 5 of the Dungeon
  5358 | D:5      | Found a deep blue altar of Sif Muna.
  5390 | D:5      | Found Baewimew's Armour Shoppe.
  5404 | D:5      | Bought a +0 buckler for 45 gold pieces
  5560 | D:5      | Reached skill level 5 in Polearms
  5692 | D:5      | Reached XP level 8. HP: 50/54 MP: 10/10
  5844 | D:5      | Reached skill level 1 in Shields
  6532 | D:6      | Noticed Natasha
  6536 | D:6      | Killed Natasha
  6562 | D:6      | Gained mutation: You are somewhat inexperienced (-2 XL). [Ru sacrifice]
  6562 | D:6      | Reached XP level 7. HP: 43/48 MP: 9/9
  6562 | D:6      | Reached XP level 6. HP: 43/43 MP: 8/8
  6562 | D:6      | Reached * piety under Ru
  6671 | D:6      | Found a sparkling altar of Nemelex Xobeh.
  6751 | D:6      | Reached XP level 7. HP: 40/48 MP: 9/9
  6967 | D:6      | Reached skill level 7 in Polearms
  7170 | D:6      | Noticed Crazy Yiuf
  7176 | D:6      | Killed Crazy Yiuf
  7245 | D:7      | Noticed a hungry ghost
  7633 | D:7      | Reached XP level 8. HP: 46/54 MP: 10/10
  7840 | D:7      | Reached skill level 8 in Polearms
  7981 | D:7      | Found a bloodstained altar of Trog.
  8005 | D:7      | Killed a hungry ghost
  8014 | D:7      | Reached skill level 5 in Shields
  8288 | D:7      | Reached XP level 9. HP: 59/59 MP: 11/11
  8809 | D:8      | Reached skill level 9 in Polearms
  9199 | D:8      | Gained mutation: You cannot train Dodging skill. [Ru sacrifice]
  9199 | D:8      | Reached ** piety under Ru
  9283 | D:8      | Found an opulent altar of Gozag.
  9655 | D:8      | Reached skill level 10 in Polearms
  9965 | D:8      | Reached XP level 10. HP: 37/65 MP: 12/12
 10179 | D:9      | Noticed a smoke demon
 10266 | D:9      | Found a staircase to the Orcish Mines.
 10600 | D:9      | Noticed a cyclops
 10965 | D:9      | Found Acumneah's Magic Scroll Boutique.
 11066 | D:9      | Reached skill level 10 in Armour
 11347 | D:9      | HP: 3/65 [troll (6)]
 11347 | D:9      | Slain by a troll

Action                   |  1- 3 |  4- 6 |  7- 9 | 10-12 || total
-------------------------+-------+-------+-------+-------++-------
Melee: Short sword       |   135 |   170 |       |       ||   305
       Trident           |       |   276 |   640 |   149 ||  1065
       Scythe            |       |       |    42 |       ||    42
Invok: Sacrifice Experie |       |     1 |       |       ||     1
       Sacrifice Nimblen |       |       |     1 |       ||     1
 Abil: Dig               |       |     1 |       |       ||     1
Evoke: Wand              |     8 |    29 |    46 |    11 ||    94
  Use: Scroll            |     2 |    10 |     7 |     2 ||    21
       Potion            |       |     5 |     3 |       ||     8
 Stab: Paralysed         |     4 |     2 |       |       ||     6
       Sleeping          |     1 |       |       |       ||     1
       Distracted        |       |       |     1 |       ||     1
       Invisible         |       |       |       |     2 ||     2
       Confused          |       |       |       |     1 ||     1
  Eat: Chunk             |     2 |     4 |    14 |     1 ||    21
       Bread ration      |       |     1 |     1 |       ||     2
       Pizza             |       |     1 |     2 |       ||     3
       Beef jerky        |       |     1 |       |       ||     1
       Royal jelly       |       |       |     1 |       ||     1
       Meat ration       |       |       |       |     1 ||     1
